 Dungeon Crawl Stone Soup version 0.20.1-1-g8b1a95d66d (webtiles) character file.

16126 Popi the Carver (level 12, -13/95 HPs)
             Began as a Human Fighter on Dec 18, 2017.
             Was a Believer of the Shining One.
             Killed from afar by a lindwurm (45 damage)
             ... with a blast of flame
             ... on level 2 of the Lair of Beasts.
             The game lasted 01:01:22 (14674 turns).

Popi the Carver (Human Fighter)                    Turns: 14674, Time: 01:01:22

Health: -13/95     AC: 19    Str: 25    XL:     12   Next: 66%
Magic:  13/13      EV:  9    Int: 11    God:    the Shining One [**....]
Gold:   1006       SH:  0    Dex: 19    Spells: 11/11 levels left

rFire    . . .     SeeInvis .   M - +1 great sword (flame)
rCold    . . .     Gourm    .   (shield currently unavailable)
rNeg     + . .     Faith    .   t - +1 plate armour
rPois    .         Spirit   .   w - +0 hat {Int+3}
rElec    .         Reflect  .   (no cloak)
rCorr    .         Harm     +   B - +0 pair of gloves
MR       .....                  K - +1 pair of boots
Stlth    ..........             q - amulet of harm
Regen    0.3/turn               y - +5 ring of dexterity
MPRegen  0.2/turn               v - +4 ring of strength

@: glowing
A: no striking features
a: Divine Shield, Renounce Religion


You were on level 2 of the Lair of Beasts.
You worshipped the Shining One.
The Shining One was pleased with you.
You were near starving.

You visited 4 branches of the dungeon, and saw 14 of its levels.
You also visited: Ossuary and Volcano.

You collected 1006 gold pieces.

Inventory:

Hand Weapons
 a - a +3 long sword of protection
 L - a +1 arbalest of flaming
 M - a +1 great sword of flaming (weapon)
Armour
 c - a +0 shield
 o - a +0 pair of boots
 t - a +1 plate armour (worn)
 u - a +0 chain mail of fire resistance
 w - a +0 hat of intelligence (worn)
 B - a +0 pair of gloves (worn)
 E - a +1 chain mail of cold resistance
 H - a +3 scale mail of fire resistance
 K - a +1 pair of boots (worn)
Jewellery
 h - an uncursed ring of positive energy
 q - an amulet of harm (around neck)
 v - a +4 ring of strength (right hand)
 y - a +5 ring of dexterity (left hand)
 F - a +6 ring of intelligence
Wands
 m - a wand of lightning (8/15)
 s - a wand of scattershot (2/9)
 D - a wand of iceblast (11/15)
Scrolls
 b - 2 scrolls of teleportation
 j - 3 scrolls of magic mapping
 l - 8 scrolls of remove curse
 p - 7 scrolls of identify
 r - a scroll of blinking
 A - 2 scrolls of enchant weapon
Potions
 d - a potion of invisibility
 e - a potion of lignification
 i - 6 potions of heal wounds
 k - 7 potions of curing
 x - 2 potions of haste
 z - 2 potions of brilliance
 C - a potion of magic
 G - a potion of cancellation
 I - 2 potions of berserk rage
 J - a potion of might
Comestibles
 f - 6 bread rations
 g - 4 royal jellies
 n - a fruit


   Skills:
 + Level 9.2 Fighting
 + Level 13.6 Long Blades
 + Level 10.9 Armour
 - Level 3.1 Dodging
 - Level 3.0 Shields
 + Level 1.9 Evocations


You had 11 spell levels left.
You didn't know any spells.

Dungeon Overview and Level Annotations

Branches:
Dungeon (10/15)            Temple (1/1) D:7            Lair (2/6) D:8
    Orc (1/2) D:10
  Swamp: Lair:2-4    Shoals: Lair:2-4     Snake: Lair:2-4    Spider: Lair:2-4

Altars:
Ashenzari
Cheibriados
Dithmenos
Elyvilon
Fedhas
Gozag
Hepliaklqana
Kikubaaqudgha
Makhleb
Nemelex Xobeh
Okawaru
Qazlal
Ru
Sif Muna
Trog
Uskayaw
Vehumet
Xom
Yredelemnul
Zin
The Shining One

Shops:
D:7 *

Annotations:
D:8 exclusion: statue
Lair:1 Gastronok


Message History

There is an open door here.
You start resting.
You are near starving!
You start resting.
The air gets thick with the scent of sulphur.
The volcano roars to life, belching forth lava!
There is a rocky tunnel leading out of this place here.
Welcome back to the Lair of Beasts!
The lindwurm roars!
There is a collapsed entrance here.
The lindwurm breathes flames at you. The blast of flame hits you!
Unknown command.
The lindwurm breathes flames at you. The blast of flame hits you!
The lindwurm breathes flames at you. The blast of flame hits you!
The lindwurm breathes flames at you. The blast of flame hits you!
You die...

##...## #..≈..#.......##
###...## #..≈.####......# #
#....# ##§§.## #....###
###..## #.#≈.k###....P#
##...# #.###.##....P##
#.#..### #.....####...#
##......#####...## #P...#
**#.........###...# #...##
#..........#.###@## #P.##
##..........###..### #P.##
#...............#.# ##..##
#........#..###..#####...##
##......#...#.#P..##.#..#.###
*.####.P###..##.............#
*** ###* ##..#....♣.......##
#.....≈≈........## #
####...≈..≈.≈≈.♣....#


You could see a lindwurm.

Vanquished Creatures
  7 two-headed ogres
  An ogre mage (Volcano)
  Sonja (Lair:1)
  A hell knight (Volcano)
  Pikel (D:5)
  Joseph (Lair:1)
  Maurice (D:10)
  2 molten gargoyles (Volcano)
  2 spiny frogs (Lair:2)
  A troll (D:10)
  Grinder (D:4)
  A hornet (D:8)
  3 blink frogs (Lair:2)
  2 hippogriffs (D:7)
  A fire bat (Volcano)
  A vampire (D:9)
  3 yaks (D:9)
  2 soldier ants (D:8)
  Duvessa (D:5)
  A porcupine (Lair:2)
  2 water moccasins
  3 orc warriors
  A phantom (D:5)
  An eye of draining (D:10)
  A sky beast (D:7)
  An ice beast (D:5)
  A black bear (D:8)
  5 centaurs
  2 ogres
  3 crocodiles
  An elf zombie (Ossuary)
  10 bullfrogs
  A scorpion (D:10)
  Dowan (D:6)
  4 killer bees (D:10)
  A howler monkey (D:10)
  3 electric eels (D:9)
  4 lava snakes (Volcano)
  2 crimson imps
  2 quasits
  3 centaur zombies (Ossuary)
  3 centaur skeletons
  2 jellies
  6 hounds
  5 orc priests
  2 bullfrog skeletons
  Ijyb (D:4)
  4 iguanas
  8 orc wizards
  6 worker ants
  3 big kobold zombies (Ossuary)
  A hound zombie (D:7)
  2 hound skeletons
  2 mummies (Ossuary)
  11 gnolls
  7 adders
  2 oozes (D:3)
  2 adder zombies
  3 adder skeletons
  3 worms (D:2)
  8 leopard geckos
  30 orcs
  3 ball pythons
  6 giant cockroaches
  10 goblins
  8 hobgoblins
  15 jackals
  2 quokkas
  8 bats
  5 frilled lizards
  A giant cockroach zombie (D:6)
  A goblin zombie (Ossuary)
  9 hobgoblin zombies (Ossuary)
  A jackal zombie (D:9)
  6 kobolds
  8 kobold zombies (Ossuary)
  A leopard gecko skeleton (D:9)
  10 orc zombies (Ossuary)
  9 rats
  A plant (D:9)
301 creatures vanquished.

Vanquished Creatures (others)
  A slave (D:5)
  A worker ant (D:5)
  A giant cockroach (D:5)
  A quokka (D:5)
  3 plants (D:2)
7 creatures vanquished.

Grand Total: 308 creatures vanquished

Notes
Turn   | Place    | Note
-------+----------+-------------------------------------------
     0 | D:1      | Popi the Human Fighter began the quest for the Orb.
     0 | D:1      | Reached XP level 1. HP: 18/18 MP: 1/1
   179 | D:1      | Reached XP level 2. HP: 19/24 MP: 2/2
   267 | D:1      | Reached skill level 1 in Dodging
   610 | D:1      | Reached XP level 3. HP: 29/29 MP: 3/3
  1289 | D:2      | You fall through a shaft for 2 floors!
  1389 | D:4      | Reached XP level 4. HP: 33/35 MP: 4/4
  1404 | D:4      | Found a sand-covered staircase.
  1428 | Ossuary  | Entered an ossuary
  1580 | Ossuary  | Reached skill level 3 in Long Blades
  1582 | Ossuary  | Reached XP level 5. HP: 25/41 MP: 5/5
  1600 | Ossuary  | Reached XP level 6. HP: 18/48 MP: 6/6
  1636 | Ossuary  | Reached skill level 4 in Long Blades
  2291 | D:4      | Noticed an ogre
  2321 | D:4      | Reached XP level 7. HP: 53/53 MP: 7/7
  2331 | D:4      | Reached skill level 5 in Long Blades
  2585 | D:4      | Noticed Ijyb
  2609 | D:4      | Killed Ijyb
  2779 | D:4      | Noticed Grinder
  2794 | D:4      | Killed Grinder
  2864 | D:4      | Reached skill level 6 in Long Blades
  2864 | D:4      | Reached XP level 8. HP: 46/61 MP: 8/8
  3997 | D:5      | Entered Level 5 of the Dungeon
  4521 | D:6      | Reached skill level 7 in Long Blades
  4542 | D:6      | Noticed Dowan
  4547 | D:6      | Noticed Duvessa
  4689 | D:5      | Noticed Pikel
  4709 | D:5      | Killed Pikel
  4709 | D:5      | Reached skill level 5 in Fighting
  4709 | D:5      | Reached skill level 5 in Armour
  4709 | D:5      | Reached XP level 9. HP: 30/68 MP: 9/9
  4983 | D:5      | Reached skill level 8 in Long Blades
  5518 | D:6      | Killed Dowan
  5548 | D:5      | Killed Duvessa
  6537 | D:7      | Reached skill level 9 in Long Blades
  6545 | D:7      | Found a staircase to the Ecumenical Temple.
  6550 | Temple   | Entered the Ecumenical Temple
  6586 | Temple   | Became a worshipper of the Shining One
  6757 | D:7      | Noticed a hippogriff
  6765 | D:7      | Killed a hippogriff
  6788 | D:7      | Found Dumel's Profane Products.
  6790 | D:7      | Found a basalt altar of Yredelemnul.
  6835 | D:7      | Noticed a hippogriff
  6841 | D:7      | Killed a hippogriff
  6841 | D:7      | Reached XP level 10. HP: 75/77 MP: 10/10
  7409 | D:7      | Reached skill level 10 in Long Blades
  7414 | D:8      | Found a bloodstained altar of Trog.
  7445 | D:8      | Paralysed by a hornet for 1 turns
  7467 | D:8      | Reached skill level 1 in Evocations
  7742 | D:8      | Found an iron altar of Okawaru.
  7821 | D:8      | Found a glowing silver altar of Zin.
  7890 | D:8      | Found a radiant altar of Vehumet.
  7930 | D:8      | Found a staircase to the Lair.
  8386 | D:8      | Found a shattered altar of Ashenzari.
  8575 | D:9      | Reached * piety under the Shining One
  8757 | D:9      | Noticed a two-headed ogre
  8790 | D:8      | Killed a two-headed ogre
  8790 | D:8      | Reached skill level 11 in Long Blades
  9691 | D:9      | Reached XP level 11. HP: 51/84 MP: 11/11
 10086 | D:10     | Entered Level 10 of the Dungeon
 10278 | D:10     | Found a staircase to the Orcish Mines.
 10463 | D:10     | Noticed a two-headed ogre
 10468 | D:10     | Killed a two-headed ogre
 10524 | D:10     | Noticed a two-headed ogre
 10535 | D:10     | Killed a two-headed ogre
 10748 | D:9      | Reached skill level 12 in Long Blades
 10979 | D:10     | Reached ** piety under the Shining One
 11089 | D:10     | Noticed Maurice
 11112 | D:10     | Killed Maurice
 11494 | Lair:1   | Entered Level 1 of the Lair of Beasts
 11694 | Orc:1    | Entered Level 1 of the Orcish Mines
 12192 | Lair:1   | Noticed Joseph
 12214 | Lair:1   | Killed Joseph
 12363 | Lair:1   | Noticed Gastronok
 12449 | Lair:1   | Noticed Sonja
 12465 | Lair:1   | Killed Sonja
 13436 | Lair:2   | Reached XP level 12. HP: 76/94 MP: 13/13
 13442 | Lair:2   | Reached skill level 10 in Armour
 13658 | Lair:2   | Found a dark tunnel.
 13667 | Volcano  | Entered a volcano
 14328 | Volcano  | Found a bloodstained altar of Trog.
 14328 | Volcano  | Noticed a two-headed ogre
 14328 | Volcano  | Noticed an ogre mage
 14328 | Volcano  | Noticed a two-headed ogre
 14328 | Volcano  | Noticed a two-headed ogre
 14332 | Volcano  | Killed a two-headed ogre
 14332 | Volcano  | Reached skill level 13 in Long Blades
 14332 | Volcano  | Killed a two-headed ogre
 14335 | Volcano  | Noticed a two-headed ogre
 14335 | Volcano  | Noticed a hell knight
 14336 | Volcano  | Killed an ogre mage
 14338 | Volcano  | Killed a two-headed ogre
 14344 | Volcano  | Killed a hell knight
 14347 | Volcano  | Killed a two-headed ogre
 14674 | Lair:2   | Killed from afar by a lindwurm

Skill      XL: |  1  2  3  4  5  6  7  8  9 10 11 12 |
---------------+-------------------------------------+-----
Dodging        | 1 2 3 |  3.1
Long Blades    | 3 4 6 7 9 11 12 13 | 13.6
Armour         | 4 5 7 8 9 10 | 10.9
Fighting       | 4 5 6 7 8 9 |  9.2
Evocations     | 1 |  1.9
Shields        | |  3.0

Action                   |  1- 3 |  4- 6 |  7- 9 | 10-12 || total
-------------------------+-------+-------+-------+-------++-------
Melee: Long sword        |   107 |   112 |   387 |   422 ||  1028
Evoke: Wand              |       |       |     2 |     8 ||    10
  Use: Scroll            |       |     4 |    11 |    13 ||    28
       Potion            |       |     1 |     9 |    11 ||    21
  Eat: Chunk             |       |     5 |    15 |    21 ||    41
       Fruit             |       |       |       |     3 ||     3
Armor: Scale mail        |    62 |    68 |   143 |       ||   273
       Skin              |       |       |     8 |     2 ||    10
       Plate armour      |       |       |    55 |   218 ||   273
Dodge: Dodged            |    76 |    94 |   237 |   163 ||   570
       Rpst.: Long sword |    22 |    37 |    66 |    49 ||   174
